AoeStats
← Rideronts425

Arabia

504722804Analyzed
1v1 RM · 27d ago on Sep 6, 2026· 34m 25s· 2 players
Game mode
Random Map
Map size
Tiny (2 player)
Population
200
Speed
Normal
Resources
Standard
Victory
Conquest
Starting age
Dark Age
Ending age
Imperial Age
RankedLock teamsTeams togetherTeam positionsShared explorationLock speedFull tech treeHidden civsTurbo modeCheats
Victory
Defeat
🇹🇷 Mongols · Türkiye
989
+17
🇱🇰 Mongols · Sri Lanka
1000
-51
Mystic Boy
7:52 Loom
10:06 Feudal Age
10:40 Double-Bit Axe
10:36 Horse Collar
18:14 Castle Age
17:19 Gold Mining
19:17 Bow Saw
19:09 Heavy Plow
26:25 Wheelbarrow
29:48 Hand Cart
29:20 Town Watch
29:32 Fletching
33:35 Imperial Age
31:27 Ballistics
31:04 Bodkin Arrow
32:23 Nomads
32:25 Padded Archer Armor
33:50 Elite Mangudai
34:33 Bracer
34:48 Leather Archer Armor
35:36 Chemistry
34:54 Bloodlines
34:45 Husbandry
Rideronts425
12:21 Feudal Age
16:29 Wheelbarrow
15:44 Double-Bit Axe
17:39 Man-at-Arms
17:45 Man-at-Arms
18:27 Gold Mining
23:53 Castle Age
24:54 Stone Mining
26:44 Stone Mining
28:41 Gold Shaft Mining
29:01 Hand Cart
31:39 Padded Archer Armor
31:58 Bow Saw
31:23 Long Swordsman
32:31 Town Watch
Connection lost

Rejoining the realm…

Still unreachable

The connection could not be restored.

Session expired

The server has moved on; the page needs a fresh start.